 Dungeon Crawl Stone Soup version 0.18.1-48-g4cf74bf (webtiles) character file.

3852 WarriorsX the Fighter (level 10, 0/83 HPs)
             Began as a Human Fighter on Aug 7, 2016.
             Was a Believer of Trog.
             Succumbed to Maurice's poison
             ... on level 8 of the Dungeon.
             The game lasted 00:25:21 (8344 turns).

WarriorsX the Fighter (Human Fighter)               Turns: 8344, Time: 00:25:22

Health: 0/83       AC:  8    Str: 22 (24) XL:     10   Next: 41%
Magic:  2/20       EV:  8    Int: 13      God:    Trog [**....]
Gold:   351        SH: 11    Dex: 12      Spells: 0 memorised, 9 levels left

rFire  + . .     SeeInvis .     r - +7 long sword of Huhuhaaq {holy, Int+3}
rCold  . . .     Gourm    .     b - +0 scale mail
rNeg   + . .     Faith    .     c - +1 shield
rPois  .         Spirit   +     (helmet restricted)
rElec  .         Dismiss  .     (no cloak)
rCorr  .         Reflect  .     (no gloves)
SustAt .         Harm     .     (no boots)
MR     ++...                    g - amulet of guardian spirit
Stlth  ..........               i - ring of positive energy
                                o - ring of magical power

@: mighty, lethally poisoned (0 -> -10), exhausted, about to teleport, very
slightly contaminated, regenerating, hasted and slowed, very resistant to
hostile enchantments, extremely unstealthy
A: hooves 1, horns 1, fire resistance 1
a: Berserk, Trog's Hand, Burn Spellbooks, Renounce Religion


You were on level 8 of the Dungeon.
You worshipped Trog.
Trog was pleased with you.
You were very hungry.

You visited 2 branches of the dungeon, and saw 9 of its levels.

You collected 351 gold pieces.

Inventory:

Hand Weapons
 r - the +7 long sword of Huhuhaaq (weapon) {holy, Int+3}
   (You found it on level 7 of the Dungeon)

   It has been blessed by the Shining One to cause great damage to the undead
   and demons.
   It affects your intelligence (+3).
Armour
 b - a +0 scale mail (worn)
 c - a +1 shield (worn)
Jewellery
 g - an amulet of guardian spirit (around neck)
 i - a ring of positive energy (right hand)
 o - a ring of magical power (left hand)
Wands
 a - a wand of disintegration (7/24)
 k - a wand of lightning (2/15)
 p - a wand of lightning (7/15)
 t - a wand of acid (8/15)
Scrolls
 e - 4 scrolls of teleportation
 h - 4 scrolls of identify
 l - 2 scrolls of enchant weapon
Comestibles
 f - 4 bread rations
 j - a royal jelly
 n - a beef jerky
 w - a meat ration


   Skills:
 - Level 9.0 Fighting
 + Level 8.3 Long Blades
 - Level 7.5 Armour
 - Level 5.3 Shields
 - Level 2.0 Evocations


You had 9 spell levels left.
You didn't know any spells.

Dungeon Overview and Level Annotations

Branches:
Dungeon (8/15)             Temple (1/1) D:4
   Lair: D:8-11

Altars:
Ashenzari
Cheibriados
Dithmenos
Elyvilon
Fedhas
Gozag
Kikubaaqudgha
Makhleb
Nemelex Xobeh
Okawaru
Pakellas
Qazlal
Ru
Sif Muna
Trog
Xom
Yredelemnul
Zin
The Shining One

Annotations:
D:4 Thomus's ghost, novice HOFi
D:5 Prince Ribbit
D:8 Maurice


Innate Abilities, Weirdness & Mutations

You have large cloven feet.
You have a pair of small horns on your head.
Your flesh is heat resistant.


Message History

* * * LOW HITPOINT WARNING * * *
Something hits you but does no damage.
You are more poisoned.
You slash something! Your kick misses something. You headbutt something!
You feel sick. Something hits you but does no damage.
You are more poisoned.
You block the two-headed ogre's attack.
The two-headed ogre hits you with a giant club!!
* * * LOW HITPOINT WARNING * * *
Drink which item? (? for menu, Esc to quit)
Okay, then.
Read which item? (? for menu, Esc to quit)
As you read the scroll of teleportation, it crumbles to dust.
You feel strangely unstable.
* * * LOW HITPOINT WARNING * * *
You feel sick. Something hits you but does no damage.
You are more poisoned.
Drink which item? (? for menu, Esc to quit)
You feel very mighty all of a sudden.
You die...

....(...##.#.##%)........######..
.....(..##.#.##.####.#...........
######'###.#.##.####.#.#.........
######.###.#.#.....#.#.##########
(()........#.#####.#.#.#
###########....# #.#.#O##
...##..........# #......#
...##.#.#......#####.#..#
#########..#...{@O.(.#..#
#..######..###########..#
..8#..≈o#..# ########..#
._.+..≈o#..####.........#
..8#..≈.#.....÷.........#
#..######.#####.........# ####
#...# #.........# #.# #.#.#
#.........# #.# #.#(# #)........#


You could see a two-headed ogre.

Vanquished Creatures
  The ghost of Elystan the Grappler, a journeyman TrHu of the Shining One (D:8)
  The ghost of Heedrag the Destroyer, a novice DECj (D:5)
  Menkaure (D:6)
  A water moccasin (D:8)
  An orc warrior (D:8)
  An eye of draining (D:8)
  2 sky beasts (D:8)
  6 ogres
  2 centaurs
  2 giant frogs (D:6)
  2 scorpions
  14 wights
  A howler monkey (D:6)
  3 crimson imps
  A jelly (D:8)
  2 orc priests
  3 orc wizards
  2 centaur skeletons
  An iguana (D:8)
  2 worker ants
  3 hound skeletons
  10 adders
  7 gnolls
  A shadow imp (D:7)
  An ooze (D:6)
  An adder skeleton (D:5)
  4 dart slugs
  4 worms
  3 giant geckos
  25 orcs
  7 bats
  12 giant cockroaches
  5 goblins
  10 hobgoblins
  11 jackals
  2 quokkas (D:2)
  2 ball pythons
  5 giant newts
  13 kobolds
  7 rats
182 creatures vanquished.

Notes
Turn   | Place    | Note
--------------------------------------------------------------
     0 | D:1      | WarriorsX the Human Fighter began the quest for the Orb.
     0 | D:1      | Reached XP level 1. HP: 18/18 MP: 1/1
   178 | D:1      | Reached XP level 2. HP: 21/24 MP: 2/2
   323 | D:1      | Reached XP level 3. HP: 20/29 MP: 1/3
   953 | D:2      | Reached XP level 4. HP: 7/35 MP: 0/4
  1521 | D:2      | Found a snail-covered altar of Cheibriados.
  1522 | D:2      | Found an ancient bone altar of Kikubaaqudgha.
  1525 | D:2      | Found a glowing golden altar of the Shining One.
  1528 | D:2      | Found a shimmering altar of Xom.
  1529 | D:2      | Found an oddly glowing altar of Pakellas.
  1529 | D:2      | Found a stormy altar of Qazlal.
  1529 | D:2      | Found a white marble altar of Elyvilon.
  1529 | D:2      | Found a shattered altar of Ashenzari.
  1530 | D:2      | Found a blossoming altar of Fedhas.
  1533 | D:2      | Found a basalt altar of Yredelemnul.
  1535 | D:2      | Found an opulent altar of Gozag.
  2006 | D:2      | Reached XP level 5. HP: 17/41 MP: 2/5
  2989 | D:4      | Noticed an ogre
  2998 | D:4      | Killed an ogre
  2998 | D:4      | Reached XP level 6. HP: 36/48 MP: 4/6
  3251 | D:4      | Found a staircase to the Ecumenical Temple.
  3270 | Temple   | Entered the Ecumenical Temple
  3402 | Temple   | Became a worshipper of Trog the Wrathful
  3423 | D:4      | Noticed an ogre
  3442 | D:4      | Killed an ogre
  3442 | D:4      | Reached skill level 5 in Long Blades
  3442 | D:4      | Reached skill level 5 in Armour
  3442 | D:4      | Reached XP level 7. HP: 42/53 MP: 4/7
  3485 | D:4      | Noticed Thomus's ghost (novice HOFi)
  4295 | D:5      | Entered Level 5 of the Dungeon
  4297 | D:5      | Noticed Heedrag's ghost (novice DECj)
  4456 | D:5      | Found an iron altar of Okawaru.
  4587 | D:5      | Reached skill level 4 in Fighting
  4936 | D:5      | Noticed Prince Ribbit
  4949 | D:6      | Noticed Menkaure
  5177 | D:7      | Reached * piety under Trog
  5335 | D:7      | Reached XP level 8. HP: 45/61 MP: 8/8
  5669 | D:7      | Got an ichor-stained long sword
  5670 | D:7      | Identified the +7 long sword of Huhuhaaq {holy, Int+3} (You found it on level 7 of the Dungeon)
  6169 | D:6      | Reached skill level 5 in Fighting
  6268 | D:6      | Reached XP level 9. HP: 57/68 MP: 9/9
  6278 | D:6      | Killed Menkaure
  6458 | D:6      | Reached ** piety under Trog
  6458 | D:6      | Reached skill level 6 in Fighting
  6676 | D:5      | Killed Heedrag's ghost
  6676 | D:5      | Reached skill level 5 in Shields
  6734 | D:8      | Found a basalt altar of Yredelemnul.
  6774 | D:8      | Found a deep blue altar of Sif Muna.
  6836 | D:8      | Reached skill level 1 in Evocations
  7168 | D:8      | Reached skill level 7 in Fighting
  7425 | D:8      | HP: 3/73 [poisoned by a water moccasin]
  7769 | D:8      | Reached skill level 8 in Fighting
  7845 | D:8      | Reached XP level 10. HP: 70/82 MP: 11/11
  7869 | D:7      | Gained mutation: Your flesh is heat resistant. [mutagenic meat]
  7870 | D:7      | Gained mutation: You have a pair of small horns on your head. [mutagenic meat]
  7871 | D:7      | Gained mutation: You have large cloven feet. [mutagenic meat]
  8166 | D:8      | Reached skill level 9 in Fighting
  8289 | D:8      | Noticed Elystan's ghost (journeyman TrHu)
  8290 | D:8      | Noticed Maurice
  8329 | D:8      | Killed Elystan's ghost
  8342 | D:8      | HP: 2/83 [two-headed ogre/giant club (13)]
  8344 | D:8      | Succumbed to Maurice's poison

Skill      XL: |  1  2  3  4  5  6  7  8  9 10 |
---------------+-------------------------------+-----
Long Blades    | 3 4 5 6 8 |  8.3
Armour         | 4 5 7 |  7.5
Fighting       | 4 5 8 9 |  9.0
Shields        | 5 |  5.3
Evocations     | 2 |  2.0

Action                   |  1- 3 |  4- 6 |  7- 9 | 10-12 || total
-------------------------+-------+-------+-------+-------++-------
Melee: Long sword        |   152 |   206 |   347 |    48 ||   753
       Headbutt          |       |       |       |    12 ||    12
       Kick              |       |       |       |    10 ||    10
Invok: Trog's Hand       |       |       |     1 |     1 ||     2
       Berserk           |       |       |       |     1 ||     1
Evoke: Wand              |       |       |     1 |     1 ||     2
  Use: Potion            |       |     3 |     4 |     2 ||     9
       Scroll            |       |       |     8 |     5 ||    13
  Eat: Chunk             |       |     9 |    14 |     6 ||    29
Armor: Scale mail        |    76 |    87 |   108 |    17 ||   288
Dodge: Dodged            |    36 |    72 |    71 |     9 ||   188
Block: Shield            |    79 |   103 |   158 |    26 ||   366
